 Dungeon Crawl Stone Soup version 0.31-a0-198-g2ad674f65e (webtiles) character file.

Game seed: 13353966525175693520

64 qw the Shooter (level 3, -1/18 (20) HPs)
             Began as a Deep Elf Hunter on June 25, 2023.
             Slain by a goblin
             ... wielding a +0 club
             ... led by Robin
              (6 damage)
             ... on level 2 of the Dungeon.
             The game lasted 00:00:29 (986 turns).

qw the Shooter (Deep Elf Hunter)                     Turns: 986, Time: 00:00:30

HP:   -1/18 (20)    AC:  3    Str: 10    XL:     3   Next: 91%
MP:   5/5           EV: 12    Int: 13    God:
Gold: 146           SH:  0    Dex: 18    Spells: 2/2 levels left

rFire   . . .        Y - +0 shortbow
rCold   . . .        (shield currently unavailable)
rNeg    . . .        c - +0 leather armour
rPois   .            (no helmet)
rElec   .            (no cloak)
rCorr   .            (no gloves)
SInv    .            (no boots)
Will    .....        (no amulet)
Stlth   ++           (no ring)
HPRegen 0.23/turn    (no ring)
MPRegen 0.09/turn

%: no passive effects
@: about to teleport, heavily drained
A: no striking features
a: no special abilities


You were on level 2 of the Dungeon.
You visited 1 branch of the dungeon, and saw 2 of its levels.

You collected 146 gold pieces.


   Skills:
 - Level 1.5 Fighting
 + Level 7.3 Ranged Weapons
 - Level 2.4 Dodging
 - Level 1.2 Stealth


You had 2 spell levels left.
You didn't know any spells.
Your spell library was empty.

Inventory:

Hand Weapons
 Y - a +0 shortbow (weapon)
Armour
 b - a +2 leather armour of willpower
 c - a +0 leather armour (worn)
Scrolls
 a - a scroll of identify {unknown}
Potions
 e - a potion of ambrosia {unknown}
 i - a potion of curing {unknown}
 j - a potion of attraction {unknown}

Dungeon Overview and Level Annotations

Branches:
Dungeon (2/15)

Altars:
Xom

Annotations:
D:2 Robin


Message History

You kill the goblin!
A goblin comes into view. It is wielding a +0 club.
The goblin closely misses you. x2
The goblin hits you with a +2 dagger of draining.
You feel drained.
You shoot an arrow. The arrow hits the goblin.
You kill the goblin!
The goblin closely misses you. The goblin hits you but does no damage.
You shoot an arrow. The arrow misses the goblin.
The goblin hits you with a +0 club. The goblin hits you with a +0 dagger.
You shoot an arrow. The arrow hits the goblin.
The goblin is heavily wounded.
The goblin misses you. The goblin hits you with a +0 club.
You shoot an arrow. The arrow closely misses the goblin.
The goblin barely misses you. The goblin misses you.
You shoot an arrow.
The arrow hits the goblin but does no damage.
The goblin is heavily wounded.
The goblin misses you. x3; The goblin hits you with a +0 club.
Robin of the Strong Arm comes into view.
They are wielding a +0 short sword.
You shoot an arrow. The arrow hits the goblin!
You kill the goblin!
The goblin hits you but does no damage.
You shoot an arrow. The arrow hits the goblin.
You kill the goblin!
The goblin hits you with a +0 club.
You shoot an arrow. The arrow hits the goblin.
The goblin is almost dead.
The goblin misses you. The goblin barely misses you.
You shoot an arrow.
The arrow hits the goblin but does no damage.
The goblin is almost dead.
The goblin hits you with a +0 club. The goblin hits you but does no damage.
Robin roars a battlecry!
The goblins go into a battle-frenzy!
986 ||| READING scroll of teleportation.
As you read the scroll of teleportation, it crumbles to dust.
You feel strangely unstable. The goblin barely misses you.
The goblin hits you with a +0 club.
You die...

# #.#.###.....#.
..####.#.#.....###.
....#.#.....###...
###.............#.
#####......%...#######
..........%......# #
...####.#.#.####......
#...ggg..#.# #....##
.....##@###.# .....#
... #))# #.# .....# #
#.## #.. ._..# #. #.#
... ). #.# .)# #.# ..
..#


You could see a hobgoblin (strong) and 2 goblins.

Vanquished Creatures
  3 dart slugs
  3 endoplasms
  12 goblins
  11 hobgoblins
  4 quokkas
  3 ball pythons
  2 bats (D:1)
  A frilled lizard (D:1)
  7 kobolds
  4 rats (D:1)
50 creatures vanquished.

Notes
Turn   | Place    | Note
-------+----------+-------------------------------------------
     0 | D:1      | qw the Deep Elf Hunter began the quest for the Orb.
     0 | D:1      | Reached XP level 1. HP: 12/12 MP: 3/3
     0 | D:1      | 0 ||| qw: Version: 0.3-a-22-g0ed2b0b
     0 | D:1      | 0 ||| qw: Game counter: 5037
     0 | D:1      | 0 ||| qw: Melee chars always use a shield: true
     0 | D:1      | 0 ||| qw: God list: Okawaru
     0 | D:1      | 0 ||| qw: Allow faded altars: false
     0 | D:1      | 0 ||| qw: Do Orc after clearing Dungeon:15 true
     0 | D:1      | 0 ||| qw: Do second Lair branch before Depths: true
     0 | D:1      | 0 ||| qw: Lair rune preference: random
     0 | D:1      | 0 ||| qw: Goals: Normal
     0 | D:1      | 0 ||| PLANNING D:1-11
   106 | D:1      | Reached XP level 2. HP: 16/16 MP: 4/4
   108 | D:1      | Reached skill level 6 in Ranged Weapons
   556 | D:1      | Reached XP level 3. HP: 20/20 MP: 5/5
   709 | D:1      | 709 ||| READING scroll labelled ESOTOO VOYN.
   713 | D:1      | 713 ||| READING scroll labelled EHI XEUSO TAE.
   714 | D:1      | 714 ||| READING scroll labelled GERANG UTESUIQOV.
   715 | D:1      | 715 ||| READING scroll labelled IFIZAM KISTATT.
   716 | D:1      | 716 ||| DROPPING scroll of butterflies.
   762 | D:2      | 762 ||| STAIRDANCE
   764 | D:2      | 764 ||| STAIRDANCE
   901 | D:2      | Reached skill level 7 in Ranged Weapons
   924 | D:2      | 924 ||| FLEEEEING.
   925 | D:2      | 925 ||| FLEEEEING.
   926 | D:2      | 926 ||| FLEEEEING.
   927 | D:2      | 927 ||| FLEEEEING.
   928 | D:2      | 928 ||| FLEEEEING.
   949 | D:2      | Found a shimmering altar of Xom.
   981 | D:2      | Noticed Robin
   985 | D:2      | HP: 4/18 [goblin/+0 club[Robin] (1)]
   986 | D:2      | 986 ||| READING scroll of teleportation.
   986 | D:2      | Slain by a goblin

Levels and vault maps discovered:
D:1:      ebering_trefoil_3fold, layout_basic, minmay_pentomino_s2
D:2:      layout_rooms, basic_altar, uniq_robin

Skill      XL: |  1  2  3 |
---------------+----------+-----
Ranged Weapons | 6 7 |  7.3
Fighting       | |  1.5
Dodging        | |  2.4
Stealth        | |  1.2

Action                     || total
---------------------------++-------
   Fire: Shortbow          ||   118
    Use: Scroll            ||     5
 Armour: Leather armour    ||    14
  Dodge: Dodged            ||    37

Table legend:
 A = Non-vault XP
 B = Vault XP
 C = Vault XP percentage of total XP
 D = Non-vault monster count
 E = Vault monster count
 F = Vault count percentage of total count
                 A         B        C        D         E       F
            +---------+---------+-------+---------+---------+-------
      Total |      73 |      19 |  20.7 |      40 |      10 |  20.0
            +---------+---------+-------+---------+---------+-------
        D:1 |      38 |       3 |   7.3 |      24 |       2 |   7.7
        D:2 |      35 |      16 |  31.4 |      16 |       8 |  33.3
            +---------+---------+-------+---------+---------+-------
